 Dungeon Crawl Stone Soup version 0.23-a0-586-gacb4b3f (webtiles) character file.

1594 Lanoc the Gouger (level 8, -5/38 HPs)
             Began as a Felid Fighter on Dec 19, 2018.
             Was a Follower of Nemelex Xobeh.
             Slain by an orc warrior
             ... wielding a +0 glaive
              (9 damage)
             ... on level 8 of the Dungeon.
             The game lasted 00:14:45 (4715 turns).

Lanoc the Gouger (Felid Fighter)                    Turns: 4715, Time: 00:14:46

Health: -5/38      AC:  2    Str: 12 (14) XL:     8   Next: 62%
Magic:  11/11      EV: 21    Int:  7 (10) God:    Nemelex Xobeh [*.....]
Gold:   246        SH:  0    Dex: 12 (15) Spells: 7/7 levels left
                                        Lives:  0   Deaths: 2

rFire    . . .     SeeInvis +     - Unarmed
rCold    . . .     Gourm    .   (shield unavailable)
rNeg     . . .     Faith    .   (armour unavailable)
rPois    +         Spirit   .   (helmet unavailable)
rElec    .         Reflect  .   (cloak unavailable)
rCorr    .         Harm     .   (gloves unavailable)
MR       +....                  (boots unavailable)
Stlth    +++++.....             (no amulet)
HPRegen  0.12/turn              i - ring of poison resistance
MPRegen  0.12/turn              m - ring of stealth

@: marked, berserk cooldown, slowed, slow
A: very small, no armour, no weapons or thrown items, stealth, claws 1, fangs 3,
see invisible, carnivore, speed 1, shaggy fur 2, slow metabolism 1, sharp paws
a: Renounce Religion


You were on level 8 of the Dungeon.
You worshipped Nemelex Xobeh.
Nemelex Xobeh was aware of your devotion.
You were completely stuffed.

You visited 2 branches of the dungeon, and saw 9 of its levels.

You collected 246 gold pieces.

Inventory:

Jewellery
 i - a ring of poison resistance (left paw)
 l - an uncursed ring of fire
 m - a ring of stealth (right paw)
Scrolls
 a - a scroll of immolation
 c - 2 scrolls of magic mapping {unknown}
 f - a scroll of blinking
 g - a scroll of teleportation
 h - 2 scrolls of remove curse
 n - a scroll of fear {unknown}
 q - 2 scrolls of noise {unknown}
 s - a scroll of enchant weapon {unknown}
 v - 2 scrolls of identify
 y - a scroll of torment {unknown}
Potions
 e - 2 potions of flight
 j - 2 potions of brilliance
 o - a potion of lignification
 p - a potion of curing
 w - a potion of resistance {unknown}
Miscellaneous
 k - a plain deck of escape
Comestibles
 b - 6 rations
 x - 3 chunks of flesh


   Skills:
 + Level 5.9 Fighting
 + Level 7.8 Dodging
 + Level 7.2 Stealth
 * Level 8.4 Unarmed Combat
 + Level 3.0 Invocations


You had 7 spell levels left.
You didn't know any spells.
Your spell library was empty.

Dungeon Overview and Level Annotations

Branches:
Dungeon (8/15)             Temple (1/1) D:5
   Lair: D:8-11

Altars:
Ashenzari
Cheibriados
Dithmenos
Elyvilon
Fedhas
Gozag
Hepliaklqana
Kikubaaqudgha
Makhleb
Nemelex Xobeh
Okawaru
Qazlal
Ru
Sif Muna
Trog
Uskayaw
Vehumet
Wu Jian
Xom
Yredelemnul
The Shining One

Annotations:
D:6 2 runed doors, Duffy's ghost, novice DEFE


Innate Abilities, Weirdness & Mutations

You cannot wear armour.
You are incapable of wielding weapons or throwing items.
Your paws allow you to move quietly. (Stealth)
You have sharp claws.
You have razor-sharp teeth.
You have supernaturally acute eyesight. (SInv)
You are carnivorous and can eat meat at any time.
You cover ground quickly.
You are covered in thick fur. (AC +2)
You have a slow metabolism.
Your sharp claws are effective at attacking unaware monsters.


Message History

The hound misses you. The slave closely misses you.
You feel better. The hound misses you. The iguana closely misses you.
A slave comes into view.
The hound bites you. The slave misses you. The iguana closely misses you.
It was a potion of degeneration.
There was something very wrong with that liquid.
You feel weakened.
You feel dopey.
You feel clumsy. The hound completely misses you. The slave barely misses you.
The hound closely misses you. The iguana closely misses you.
The slave hits you but does no damage.
It was a potion of magic.
Magic courses through your body. The hound bites you.
* * * LOW HITPOINT WARNING * * *
The iguana completely misses you.
A centaur comes into view.
The hound bites you.
* * * LOW HITPOINT WARNING * * *
The slave closely misses you. The iguana closely misses you.
The orc warrior hits you from afar with a +0 glaive!
You die...
Your body disappears without a glow.

#######...#### #.#
#.......lo†#### #.#
......####)†(.#### #.#
#.#####
####..c.###[##### #
###.........÷#
#l.p.....<.###
#po......÷...#
##h.........#.#
########@pp..###.......
.......l.....#
####.....#
########.....# ######
#.....# #....># #######


You could see an orc warrior, 4 slaves, a centaur, an iguana, a hound and a
leopard gecko.

Vanquished Creatures
  Harold (D:8)
  Menkaure (D:5)
  3 ice beasts
  An ogre (D:4)
  A bullfrog (D:8)
  A scorpion (D:2)
  3 howler monkeys (D:8)
  A crimson imp (D:5)
  2 bullfrog skeletons (D:7)
  A jelly (D:8)
  2 orc priests
  A hound (D:8)
  Crazy Yiuf (D:2)
  A centaur skeleton (D:5)
  Natasha (D:2)
  Terence (D:2)
  2 iguanas
  3 worker ants (D:4)
  A hound skeleton (D:5)
  A worker ant zombie (D:5)
  Robin (D:2)
  7 adders
  3 gnolls
  2 shadow imps (D:5)
  3 oozes
  4 worms
  2 dart slugs (D:1)
  2 leopard geckos (D:2)
  3 orcs
  A ball python (D:2)
  10 bats
  3 giant cockroaches
  14 goblins
  9 hobgoblins
  12 jackals
  11 kobolds
  3 quokkas
  3 frilled lizards
  12 rats
134 creatures vanquished.

Notes
Turn   | Place    | Note
-------+----------+-------------------------------------------
     0 | D:1      | Lanoc the Felid Fighter began the quest for the Orb.
     0 | D:1      | Reached XP level 1. HP: 10/10 MP: 2/2
    80 | D:1      | Reached XP level 2. HP: 14/14 MP: 3/3
   104 | D:1      | Reached skill level 1 in Stealth
   255 | D:1      | Reached XP level 3. HP: 17/17 MP: 4/4
   746 | D:2      | Noticed Terence
   752 | D:2      | Killed Terence
   752 | D:2      | Reached XP level 4. HP: 17/21 MP: 5/5
   869 | D:2      | Noticed Robin
   917 | D:2      | HP: 1/21 [Robin/cursed +0 trident (7)]
   919 | D:2      | Killed Robin
  1436 | D:2      | Reached skill level 5 in Dodging
  1436 | D:2      | Reached skill level 5 in Unarmed Combat
  1436 | D:2      | Reached XP level 5. HP: 25/25 MP: 6/6
  1559 | D:2      | Found a runed door.
  1575 | D:2      | Noticed Natasha
  1589 | D:2      | Killed Natasha
  1753 | D:2      | Noticed Crazy Yiuf
  1760 | D:2      | Killed Crazy Yiuf
  2132 | D:3      | Gained mutation: You are covered in thick fur. (AC +2)
                  | [Felid growth]
  2132 | D:3      | Reached XP level 6. HP: 28/28 MP: 7/7
  2764 | D:4      | Reached skill level 6 in Unarmed Combat
  2764 | D:4      | HP: 2/42 [orc/+0 club (5)]
  2766 | D:4      | Slain by an orc
  2767 | D:4      | Reached XP level 5. HP: -5/37 MP: 6/6
  2906 | D:4      | Reached XP level 6. HP: 29/29 MP: 7/7
  2997 | D:4      | Found a bloodstained altar of Trog.
  3143 | D:5      | Entered Level 5 of the Dungeon
  3165 | D:5      | Noticed an ice beast
  3169 | D:5      | Killed an ice beast
  3170 | D:5      | Noticed an ice beast
  3176 | D:5      | Killed an ice beast
  3176 | D:5      | Reached skill level 5 in Stealth
  3186 | D:5      | Noticed an ice beast
  3188 | D:5      | Noticed Menkaure
  3215 | D:6      | Noticed an ice beast
  3439 | D:5      | Killed Menkaure
  3439 | D:5      | Reached XP level 7. HP: 5/33 MP: 8/8
  3454 | D:5      | Slain by an ice beast
  3455 | D:5      | Reached XP level 6. HP: -3/30 MP: 7/7
  3493 | D:5      | Found a staircase to the Ecumenical Temple.
  3500 | Temple   | Entered the Ecumenical Temple
  3714 | Temple   | Became a worshipper of Nemelex Xobeh the Trickster
  3778 | D:5      | Found an ornate altar of the Wu Jian Council.
  3782 | D:5      | Found a shattered altar of Ashenzari.
  3783 | D:5      | Found a stormy altar of Qazlal.
  3783 | D:5      | Found a shadowy altar of Dithmenos.
  3783 | D:5      | Found a hazy altar of Hepliaklqana.
  3784 | D:5      | Received a gift from Nemelex Xobeh
  3805 | D:5      | Reached skill level 5 in Fighting
  3805 | D:5      | Reached skill level 7 in Unarmed Combat
  4377 | D:6      | Noticed a water moccasin
  4396 | D:6      | Found a runed door.
  4401 | D:6      | Noticed Duffy's ghost (novice DEFE)
  4417 | D:6      | Found a runed door.
  4433 | D:7      | Reached XP level 7. HP: 28/33 MP: 8/8
  4488 | D:7      | Reached skill level 1 in Invocations
  4573 | D:7      | Reached * piety under Nemelex Xobeh
  4683 | D:8      | Noticed Harold
  4702 | D:8      | Killed Harold
  4702 | D:8      | Reached skill level 8 in Unarmed Combat
  4702 | D:8      | Reached XP level 8. HP: 16/38 MP: 9/11
  4712 | D:8      | HP: 1/38 [iguana (8)]
  4715 | D:8      | Slain by an orc warrior

Vault maps used:
D:1:      minmay_arrival_jagged, minmay_tromino_v4_a
D:2:      first_ration, minivault_23, corexii_corridor_pit, minivault_11,
          uniq_terence, uniq_natasha, uniq_crazy_yiuf_cottage, uniq_robin
D:3:      grunt_ministairs_5
D:4:      nicolae_overflow_hidden_temple
D:5:      grunt_temple_overflow_open, minmay_temple_entry_proselytizer,
          uniq_menkaure
D:6:      ebering_ghost_sewer_f, serial_gnoll_camp, gnoll_camp_mini_loothouse,
          gnoll_camp_medium_02, gnoll_camp_mini_hut, gnoll_camp_mini_shop,
          gnoll_camp_huts_moat, gnoll_camp_mini_house, lemuel_oklob_altar,
          uniq_grinder, uniq_sigmund
D:7:      minivault_25
D:8:      uniq_harold, uniq_pikel
Temple:   regret_index_temple_generic_petals

Skill      XL: |  1  2  3  4  5  6  7  8 |
---------------+-------------------------+-----
Stealth        | 1 2 3 5 7 |  7.2
Dodging        | 5 6 7 |  7.8
Unarmed Combat | 5 7 8 |  8.4
Fighting       | 4 5 |  5.9
Invocations    | 2 3 |  3.0

Action                   |  1- 3 |  4- 6 |  7- 9 || total
-------------------------+-------+-------+-------++-------
Melee: Unarmed           |    76 |   226 |    34 ||   336
       Bite              |     5 |    19 |     5 ||    29
       Punch             |     1 |     9 |     2 ||    12
Evoke: Wand              |       |       |     7 ||     7
  Use: Potion            |       |     3 |     4 ||     7
       Scroll            |       |     7 |     1 ||     8
 Stab: Sleeping          |    11 |    30 |     2 ||    43
  Eat: Chunk             |     7 |    12 |     6 ||    25
Armor: Skin              |     4 |    10 |     1 ||    15
Dodge: Dodged            |    41 |   148 |    48 ||   237

Table legend:
 A = Non-vault XP
 B = Vault XP
 C = Vault XP percentage of total XP
 D = Non-vault monster count
 E = Vault monster count
 F = Vault count percentage of total count
                 A         B        C        D         E       F
            +---------+---------+-------+---------+---------+-------
      Total |    1619 |    1392 |  46.2 |     110 |      24 |  17.9
            +---------+---------+-------+---------+---------+-------
        D:1 |      49 |       6 |  10.9 |      24 |       4 |  14.3
        D:2 |     119 |     144 |  54.8 |      21 |      12 |  36.4
        D:3 |      82 |       6 |   6.8 |      26 |       3 |  10.3
        D:4 |     355 |       0 |   0.0 |      13 |       0 |   0.0
        D:5 |     450 |     215 |  32.3 |      15 |       2 |  11.8
        D:6 |       0 |      29 | 100.0 |       0 |       2 | 100.0
        D:7 |      98 |       0 |   0.0 |       4 |       0 |   0.0
        D:8 |     466 |     992 |  68.0 |       7 |       1 |  12.5
            +---------+---------+-------+---------+---------+-------
